 Dungeon Crawl Stone Soup version 0.31.0-11-ge490571c62 (webtiles) character file.

Game seed: 6446333115613208043

348 ezpacito the Chopper (level 6, 0/48 HPs)
             Began as a Demonspawn Chaos Knight on Jan 29, 2024.
             Was a Plaything of Xom.
             Succumbed to a scorpion's poison
             ... on level 4 of the Dungeon.
             The game lasted 00:05:41 (2846 turns).

ezpacito the Chopper (Demonspawn Chaos Knight)      Turns: 2846, Time: 00:05:42

Health: 0/48       AC: 19    Str: 12    XL:     6   Next: 33%
Magic:  1/6        EV:  6    Int: 12    God:    Xom [.*....]
Gold:   142        SH:  0    Dex: 15    Spells: 5/5 levels left

rFire   . . .        a - +0 hand axe (chaos)
rCold   . . .        (no shield)
rNeg    . . .        q - +0 chain mail
rPois   .            j - +2 helmet
rElec   .            (no cloak)
rCorr   .            v - +0 pair of gloves
SInv    .            (no boots)
Will    +....        s - amulet of guardian spirit Stlth
                     (no ring)
HPRegen 0.28/turn    (no ring)
MPRegen 0.10/turn

%: guardian spirit
@: lethally poisoned (0 -> -5), sanguine armoured, hasted, very quick
A: sanguine armour 1, weakness stinger 1, strong-willed 1, screaming 1, wild
magic 1
a: Renounce Religion


You were on level 4 of the Dungeon.
You worshipped Xom.
You were a plaything of Xom.
You visited 1 branch of the dungeon, and saw 4 of its levels.

You collected 142 gold pieces.

Inventory:

Hand Weapons
 a - a +0 hand axe of chaos (weapon)
 c - a +0 sling
 h - a +0 dagger
 i - a +0 trident
Missiles
 g - 32 stones (quivered)
Armour
 b - a +2 leather armour
 j - a +2 helmet (worn)
 q - a +0 chain mail (worn)
 v - a +0 pair of gloves (worn)
Jewellery
 l - an amulet of magic regeneration
 s - an amulet of guardian spirit (around neck)
Talismans
 d - a flux talisman
 o - a beast talisman
Wands
 m - a wand of roots (7)
Scrolls
 e - 2 scrolls of noise
 f - 2 scrolls of identify
 p - a scroll of amnesia
 r - a scroll of vulnerability


   Skills:
 + Level 3.6 Fighting
 * Level 5.4 Axes
 + Level 2.6 Armour
 + Level 1.9 Dodging
 + Level 1.0 Stealth


You had 5 spell levels left.
You didn't know any spells.
Your spell library contained the following spells:

 Spells                   Type           Power      Damage    Failure   Level
 Summon Small Mammal      Summ           0%         N/A       100%        1
 Call Canine Familiar     Summ           0%         N/A       100%        3
 Summon Blazeheart Golem  Fire/Summ      0%         N/A       100%        4


Dungeon Overview and Level Annotations

Branches:
Dungeon (4/15)
 Temple: D:4-7

Altars:


Innate Abilities, Weirdness & Mutations

When seriously injured, your blood forms armour. (AC +6)
You have a small tail.
You are strong-willed. (Will+)
You occasionally shout uncontrollably at your foes.
Your spells are a little harder to cast, but a little more powerful.


Message History

The scorpion is severely wounded.
You feel very sick.
The scorpion stings you but does no damage.
Your ufetubus closely misses the scorpion.
Your ufetubus barely misses the scorpion.
The scorpion stings you.
* * * LOW HITPOINT WARNING * * *
You are lethally poisoned!
The scorpion poisons you!
You barely miss the scorpion.
The scorpion is severely wounded.
* * * LOW HITPOINT WARNING * * *
You feel very sick.
Your ufetubus hits the scorpion but does no damage.
Your ufetubus hits the scorpion.
The scorpion barely misses your ufetubus.
Your ufetubus hits the scorpion but does no damage.
Your ufetubus completely misses the scorpion.
It was a potion of haste.
You feel yourself speed up.
* * * LOW HITPOINT WARNING * * *
You feel very sick. The scorpion stings your ufetubus.
The scorpion barely misses your ufetubus.
Your ufetubus barely misses the scorpion. x2
You hit the scorpion but do no damage.
The scorpion is almost dead.
* * * LOW HITPOINT WARNING * * *
You feel sick. The scorpion closely misses you.
Your ufetubus barely misses the scorpion.
Your ufetubus hits the scorpion but does no damage.
The scorpion stings you.
* * * LOW HITPOINT WARNING * * *
You hit the scorpion but do no damage. Lightning courses through the scorpion!
You kill the scorpion!
* * * LOW HITPOINT WARNING * * *
You feel sick.
Your Stealth skill increases to level 1!
Unknown command.
You die...
Xom howls with laughter!

#......# #......#
#.....<# ##.....#
######.....#
####..........###
..............5†#
#..........###.########
#..........# #5@......#
#.#.....)..# ########.#
#.#........#
#.#........#
#.#........#
##.##'####### ...##.#
.#....# ##....#


You could see 2 friendly ufetubi.

Vanquished Creatures
  Menkaure (D:4)
  A scorpion (D:4)
  The ghost of boopmooplesden the Twirler, a weakling MiGl (D:3)
  Robin (D:2)
  7 adders
  A dart slug (D:3)
  3 ribbon worms (D:2)
  5 ball pythons
  8 endoplasms
  3 giant cockroaches
  7 goblins
  7 hobgoblins
  6 kobolds
  2 quokkas
  A bat (D:3)
  2 frilled lizards
  3 rats
59 creatures vanquished.

Vanquished Creatures (others)
  A goblin (D:2)
1 creature vanquished.

Grand Total: 60 creatures vanquished

Notes
Turn   | Place    | Note
-------+----------+-------------------------------------------
     0 | D:1      | ezpacito the Demonspawn Chaos Knight began the quest for
                  | the Orb.
     0 | D:1      | Reached XP level 1. HP: 18/18 MP: 1/1
   132 | D:1      | XOM: potion effect (attraction)
   158 | D:1      | Reached skill level 3 in Axes
   202 | D:1      | Gained mutation: You have a small tail. [demonic ancestry]
   202 | D:1      | Reached XP level 2. HP: 24/24 MP: 2/2
   215 | D:1      | XOM: noise
   225 | D:1      | Reached skill level 1 in Dodging
   380 | D:1      | XOM: cloud trail
   438 | D:1      | XOM: silly message
   768 | D:2      | Noticed Robin
   792 | D:2      | XOM: confuse monster(s)
   799 | D:2      | Killed Robin
   800 | D:2      | Reached XP level 3. HP: 13/29 MP: 3/3
   934 | D:2      | XOM: silly message
   945 | D:2      | XOM: cloud trail
  1294 | D:2      | XOM: 4-stop teleportation journey
  1391 | D:2      | Gained mutation: When seriously injured, your blood forms
                  | armour. (AC +6) [demonic ancestry]
  1391 | D:2      | Reached XP level 4. HP: 35/35 MP: 4/4
  1611 | D:2      | HP: 1/35 [ribbon worm (10)]
  1611 | D:2      | XOM: smoke on damage
  1793 | D:2      | XOM: silly message
  1958 | D:3      | Reached skill level 4 in Axes
  2048 | D:3      | XOM: 5-stop teleportation journey
  2096 | D:3      | XOM: summons 2 hostile demons
  2176 | D:3      | Noticed boopmooplesden's ghost (weakling MiGl)
  2254 | D:3      | Found a runed translucent door.
  2325 | D:3      | XOM: noise
  2440 | D:3      | Found Veroaloa's Armour Emporium.
  2499 | D:3      | Gained mutation: You occasionally shout uncontrollably at
                  | your foes. [potion of mutation]
  2499 | D:3      | Gained mutation: You are strong-willed. (Will+) [potion of
                  | mutation]
  2499 | D:3      | Gained mutation: Your spells are a little harder to cast,
                  | but a little more powerful. [potion of mutation]
  2500 | D:3      | XOM: potion effect (might)
  2507 | D:3      | Killed boopmooplesden's ghost
  2508 | D:3      | Reached XP level 5. HP: 26/41 MP: 3/5
  2679 | D:4      | Noticed Menkaure
  2691 | D:4      | Killed Menkaure
  2692 | D:4      | Reached skill level 5 in Axes
  2692 | D:4      | Reached XP level 6. HP: 30/47 MP: 3/6
  2746 | D:4      | XOM: 1-stop teleportation journey
  2830 | D:4      | XOM: noise
  2836 | D:4      | XOM: summons 2 friendly demons
  2840 | D:4      | XOM: swap monsters
  2844 | D:4      | HP: 2/47 [scorpion (4)]
  2846 | D:4      | Reached skill level 1 in Stealth
  2846 | D:4      | Succumbed to a scorpion's poison

Illustrated notes

Levels and vault maps discovered:
D:1:      mrwooster_arrival_statue, layout_basic, minmay_misc_feat_enclosed
D:2:      layout_loops_corners, uniq_robin
D:3:      layout_rooms, hellmonk_ghost_happy_afterlife, serial_shops,
          nicolae_shop_peninsula
D:4:      layout_basic, hangedman_decor_diamond_cutter, uniq_menkaure

Skill      XL: |  1  2  3  4  5  6 |
---------------+-------------------+-----
Armour         | 2 |  2.6
Axes           | 3 4 5 |  5.4
Dodging        | 1 |  1.9
Stealth        | 1 |  1.0
Fighting       | |  3.6

Action                     |  1- 3 |  4- 6 || total
---------------------------+-------+-------++-------
  Melee: Hand axe          |   104 |   117 ||   221
         Tailslap          |     8 |    17 ||    25
         Punch             |     1 |     1 ||     2
    Use: Scroll            |     5 |     6 ||    11
         Potion            |       |     4 ||     4
   Stab: Confused          |     2 |       ||     2
         Paralysed         |     1 |     1 ||     2
 Armour: Leather armour    |    63 |    16 ||    79
         Chain mail        |       |    85 ||    85
  Dodge: Dodged            |    55 |    42 ||    97
